AoeStats
← Pepe Poppins

Arabia

510512498Analyzed
1v1 RM · 13h ago on Oct 1, 2026· 53m 12s· 2 players
Game mode
Random Map
Map size
Tiny (2 player)
Population
200
Speed
Normal
Resources
Standard
Victory
Conquest
Starting age
Dark Age
Ending age
Imperial Age
RankedLock teamsTeams togetherTeam positionsShared explorationLock speedFull tech treeHidden civsTurbo modeCheats
Victory
Defeat
🇳🇱 Cumans · Netherlands
475
+15
🇺🇸 Japanese · United States
457
-15
RangerGMan
14:00 Feudal Age
14:27 Double-Bit Axe
14:25 Horse Collar
15:11 Loom
17:44 Wheelbarrow
22:01 Castle Age
23:40 Pikeman
24:39 Squires
27:23 Scale Mail Armor
28:22 Heavy Plow
28:34 Gold Mining
41:12 Forging
48:05 Stone Mining
Pepe Poppins
10:39 Feudal Age
11:53 Double-Bit Axe
14:44 Horse Collar
17:50 Forging
18:49 Bloodlines
26:40 Castle Age
27:04 Light Cavalry
27:36 Fletching
28:23 Iron Casting
27:54 Scale Barding Armor
28:30 Bow Saw
32:11 Bodkin Arrow
32:17 Padded Archer Armor
33:42 Loom
36:21 Chain Barding Armor
40:19 Gold Mining
40:20 Stone Mining
39:59 Crossbowman
40:44 Thumb Ring
43:35 Imperial Age
44:43 Elite Kipchak
46:02 Plate Barding Armor
46:28 Blast Furnace
44:53 Hussar
47:15 Chemistry
46:36 Ballistics
47:21 Chemistry
48:03 Gold Shaft Mining
47:34 Heavy Plow
48:50 Two-Man Saw
52:09 Steppe Husbandry
Connection lost

Rejoining the realm…

Still unreachable

The connection could not be restored.

Session expired

The server has moved on; the page needs a fresh start.